 Dungeon Crawl Stone Soup version 0.24-a0-458-gfcb5e6da0e (webtiles) character file.

Game seed: 7497766456995913098

5 Gargoyl the Skirmisher (level 1, -6/19 HPs)
             Began as a Centaur Abyssal Knight on June 27, 2019.
             Was a Follower of Lugonu.
             Mangled by a raiju (7 damage)
             ... on level 2 of the Abyss.
             The game lasted 00:00:24 (209 turns).

Gargoyl the Skirmisher (Centaur Abyssal Knight)      Turns: 209, Time: 00:00:25

Health: -6/19      AC:  4    Str: 14    XL:     1   Next: 66%
Magic:  2/2        EV:  9    Int: 11    God:    Lugonu [*.....]
Gold:   43         SH:  0    Dex:  8    Spells: 0/0 levels left

rFire    . . .     SeeInvis .   a - +1 hand axe
rCold    . . .     Gourm    .   (no shield)
rNeg     . . .     Faith    .   b - +0 leather armour
rPois    .         Spirit   .   (no helmet)
rElec    .         Reflect  .   (no cloak)
rCorr    .         Harm     .   (no gloves)
MR       .....                  (no barding)
Stlth    ..........             (no amulet)
HPRegen  0.06/turn              (no ring)
MPRegen  0.08/turn              (no ring)

@: very quick
A: large, hooves 3, deformed body, speed 2, tough skin 3
a: Depart the Abyss, Renounce Religion


You were on level 2 of the Abyss.
You worshipped Lugonu.
Lugonu was aware of your devotion.
You were not hungry.

You visited 0 branches of the dungeon, and saw 0 of its levels.
You visited the Abyss 1 time.

You collected 43 gold pieces.

Inventory:

Hand Weapons
 a - a +1 hand axe (weapon)
Armour
 b - a +0 leather armour (worn)
Potions
 d - a potion of berserk rage {unknown}
Comestibles
 c - a ration


   Skills:
 + Level 3.2 Fighting
 + Level 1.8 Axes
 + Level 1.4 Armour
 + Level 0.6 Dodging
 + Level 2.0 Invocations


You couldn't memorise any spells.
You didn't know any spells.
Your spell library was empty.

Dungeon Overview and Level Annotations

Branches:
Dungeon (0/15)

Altars:


Innate Abilities, Weirdness & Mutations

You have hooves in place of feet.
Armour fits poorly on your strangely shaped body.
You cover ground very quickly.
You have extremely tough skin. (AC +3)


Message History

Found a throwing net.
You now have 38 gold pieces (gained 24).
You now have 43 gold pieces (gained 5).
Found 23 stones.
d - a lumpy sapphire potion 2 raiju come into view.
The raiju barks! x2; You hear a bark!
A raiju comes into view.
An Executioner comes into view.
The Executioner gives a hideous shriek!
The Executioner gestures.
The Executioner seems to speed up.
The raiju bursts into living lightning!
The living lightning hits you.
The raiju blinks!
You hit the raiju.
The raiju is lightly wounded.
The raiju bites you!
* * * LOW HITPOINT WARNING * * *
The raiju shocks you!
You die...

.# #.#.# .#.. ..
.#.# ####.## ## .#.#
# #...#... ...#
...### ##
#..#.....#. ....#..#
# #
..(.§..#.........
#..#...##..####....#
.# ..#.
.#...#..####. .. #
...# .###.1#.#### #
....#
.#.#.#.@h...§.# .
#.. .
..###...##.#...# .
.. .
..########....#.# .
. . .. .. .#..
..#..## # . ##.
..#..#. # ##..... ##
#. ..#. .... .#..#
.....#... . #..
...#. # .. .##
#....# ...#.# # .
.#.... #.#.#. # .#.


You could see an Executioner and a raiju.

Vanquished Creatures
  An ufetubus (Abyss:2)
1 creature vanquished.

Notes
Turn   | Place    | Note
-------+----------+-------------------------------------------
     0 | Abyss:1  | Gargoyl the Centaur Abyssal Knight began the quest for the
                  | Orb.
     0 | Abyss:1  | Reached XP level 1. HP: 19/19 MP: 2/2
    65 | Abyss:1  | Found a corrupted altar of Lugonu.
    82 | Abyss:1  | Found a corrupted altar of Lugonu.
   199 | Abyss:2  | Noticed a raiju
   199 | Abyss:2  | Noticed a raiju
   203 | Abyss:2  | Noticed a raiju
   208 | Abyss:2  | Noticed an Executioner
   209 | Abyss:2  | Mangled by a raiju

Levels and vault maps discovered:
Abyss:2:  abyss_exit_lava

Action                   || total
-------------------------++-------
Melee: Hand axe          ||     9
       Kick              ||     1
Armor: Leather armour    ||     7
Dodge: Dodged            ||    12

Table legend:
 A = Non-vault XP
 B = Vault XP
 C = Vault XP percentage of total XP
 D = Non-vault monster count
 E = Vault monster count
 F = Vault count percentage of total count
                 A         B        C        D         E       F
            +---------+---------+-------+---------+---------+-------
      Total |       8 |       0 |   0.0 |       1 |       0 |   0.0
            +---------+---------+-------+---------+---------+-------
    Abyss:2 |       8 |       0 |   0.0 |       1 |       0 |   0.0
            +---------+---------+-------+---------+---------+-------
